 Dungeon Crawl Stone Soup version 0.27.0-1-g7a089689b8 (webtiles) character file.

Game seed: 13503268550047913158

1464 SnakkuSnakku7 the Basher (level 8, -2/65 (74) HPs)
             Began as a Minotaur Monk on Aug 11, 2021.
             Was a Believer of Okawaru.
             Slain by a wight (7 damage)
             ... on level 6 of the Dungeon.
             The game lasted 00:05:56 (4242 turns).

SnakkuSnakku7 the Basher (Minotaur Monk)            Turns: 4242, Time: 00:05:57

HP:   -2/65 (74)    AC: 10    Str: 18    XL:     8   Next: 48%
MP:   7/7           EV:  8    Int:  7    God:    Okawaru [**....]
Gold: 219           SH:  0    Dex: 13    Spells: 7/7 levels left

rFire    . . .     SeeInvis .   a - +1 flail (venom)
rCold    . . .     Faith    .   (no shield)
rNeg     . . .     Spirit   .   h - +0 chain mail
rPois    .         Reflect  .   (helmet restricted)
rElec    .         Harm     .   (no cloak)
rCorr    .         Rampage  .   (no gloves)
Will     .....                  i - +1 pair of boots
Stlth    ..........             (no amulet)
HPRegen  0.20/turn              (no ring)
MPRegen  0.10/turn              (no ring)

@: heavily drained
A: horns 2, retaliatory headbutt
a: Renounce Religion, Heroism


You were on level 6 of the Dungeon.
You worshipped Okawaru.
Okawaru was pleased with you.
You visited 2 branches of the dungeon, and saw 7 of its levels.
You also visited: Ossuary.

You collected 302 gold pieces.
You spent 83 gold pieces at shops.

Inventory:

Hand Weapons
 a - a +1 flail of venom (weapon)
 o - a +0 mace
 t - the +6 quarterstaff of Kuwn {speed, Str+2}
   (You found it on level 5 of the Dungeon)

   Attacks with this weapon are significantly faster.
   Str:       It affects your strength (+2).
Armour
 b - a +0 robe
 h - a +0 chain mail (worn)
 i - a +1 pair of boots (worn)
Jewellery
 d - a ring of magical power
Wands
 j - a wand of iceblast (9)
 q - a wand of flame (15)
 r - a wand of polymorph (4)
Scrolls
 c - 8 scrolls of identify {unknown}
 e - a scroll of enchant armour {unknown}
 g - a scroll of blinking {unknown}
 l - 2 scrolls of acquirement {unknown}
 u - a scroll of magic mapping {unknown}
 x - a scroll of noise {unknown}
Potions
 f - a potion of brilliance {unknown}
 k - 7 potions of curing {unknown}
 m - 5 potions of berserk rage
 n - 2 potions of ambrosia {unknown}
 p - 2 potions of haste {unknown}
 s - a potion of heal wounds {unknown}
 v - 2 potions of flight {unknown}
 w - a potion of mutation {unknown}


   Skills:
 - Level 8.0 Fighting
 + Level 11.0 Maces & Flails
 - Level 3.2 Dodging
 - Level 1.5 Stealth


You had 7 spell levels left.
You didn't know any spells.
Your spell library contained the following spells:

 Spells                   Type           Power      Damage    Failure   Level
 Animate Skeleton         Necr           0%         N/A       100%        1
 Pain                     Necr           0%         1d4       100%        1
 Confusing Touch          Hex            0%         N/A       100%        3
 Vampiric Draining        Necr           0%         2d6       100%        3
 Alistair's Intoxication  Tmut/Pois      0%         N/A       100%        5
 Irradiate                Conj/Tmut      0%         3d14      100%        5


Dungeon Overview and Level Annotations

Branches:
Dungeon (6/15)             Temple (1/1) D:6         Ossuary (visited)

Altars:
Elyvilon
Gozag
Nemelex Xobeh
Okawaru
Xom

Shops:
D:3 (!!=   D:4 !


Innate Abilities, Weirdness & Mutations

You have a pair of horns on your head.
You reflexively headbutt those who attack you in melee.


Message History

Found a stone staircase leading up.
Found a stone staircase leading down.
Found 20 stones.
(D) Dungeon (T) Temple
Where to? (Enter - Temple @ (x,y), ? - help)
A necrophage comes into view.
A necrophage is nearby! 3 wights come into view.
You closely miss the wight. The wight hits you with a +3 scimitar!
You barely miss the wight. You headbutt the wight.
The wight is moderately damaged.
The necrophage hits you.
A wight comes into view. It is wielding a +3 scimitar.
The wight hits you with a +4 halberd! The wight barely misses you.
The necrophage barely misses you. You furiously retaliate!
You headbutt the necrophage. The wight hits you but does no damage.
You hit the wight.
The wight is heavily damaged.
The wight hits you with a +4 halberd!
You feel drained. The wight hits you with a +3 scimitar.
The wight barely misses you.
The necrophage hits you but does no damage.
Unknown command.
The wight hits you with a +4 halberd!
You feel drained. The wight hits you but does no damage.
The wight hits you from afar with a +4 halberd.
You feel drained. The wight hits you but does no damage.
The wight hits you but does no damage.
The wight hits you from afar with a +4 halberd!
You feel drained.
* * * LOW HITPOINT WARNING * * *
The wight hits you from afar with a +0 spear.
* * * LOW HITPOINT WARNING * * *
You feel drained.
The wight hits you from afar with a +4 halberd!
* * * LOW HITPOINT WARNING * * *
The wight hits you but does no damage. The wight hits you but does no damage.
The wight hits you from afar with a +4 halberd!
You die...

#.#........#
#.#.###....#
#.#...#....##
###.###.###....#
#............#.#
########.#.###.######.##
.......................>
...#####.#..####.######
#....nz.@......<#
##..#..z###.#####
#..#zz.# #.....#
#......# #####.#
#.##...# #.# #....(.#
#.###.#### ####...#
#........##
....#...######..# #...#.
#######[##


You could see a necrophage and 4 wights.

Vanquished Creatures
  Sigmund (D:4)
  A sky beast (D:4)
  An orc warrior (D:6)
  A black bear (D:6)
  An ogre (D:6)
  2 phantoms (D:4)
  A wyvern zombie (D:4)
  4 killer bees (D:5)
  4 crimson imps (D:6)
  A hound (D:3)
  2 bullfrog zombies
  2 orc wizards
  A hound zombie (D:5)
  3 mummies (Ossuary)
  4 gnolls
  6 adders
  4 adder zombies (Ossuary)
  2 adder skeletons (D:4)
  3 worms
  9 dart slugs
  11 orcs
  11 endoplasms
  3 giant cockroaches
  A gnoll zombie (Ossuary)
  5 hobgoblins
  3 quokkas
  7 ball pythons
  A bat (D:1)
  7 frilled lizards
  5 goblins
  A goblin zombie (Ossuary)
  7 hobgoblin zombies (Ossuary)
  5 kobolds
  2 kobold zombies (Ossuary)
  A quokka zombie (Ossuary)
  4 rats
  2 rat zombies (Ossuary)
129 creatures vanquished.

Notes
Turn   | Place    | Note
-------+----------+-------------------------------------------
     0 | D:1      | SnakkuSnakku7 the Minotaur Monk began the quest for the
                  | Orb.
     0 | D:1      | Reached XP level 1. HP: 19/19 MP: 0/0
   220 | D:1      | Reached skill level 4 in Maces & Flails
   220 | D:1      | Reached XP level 2. HP: 27/27 MP: 1/1
   250 | D:1      | Found a faded altar of an unknown god.
   544 | D:1      | Reached XP level 3. HP: 34/34 MP: 2/2
   849 | D:2      | Reached XP level 4. HP: 38/41 MP: 3/3
   864 | D:2      | Reached skill level 5 in Fighting
   864 | D:2      | Reached skill level 5 in Maces & Flails
  1090 | D:3      | Found Ceshocri's Antique Weapon Emporium.
  1109 | D:3      | Found Heol's Distillery.
  1114 | D:3      | Bought a potion of berserk rage for 55 gold pieces
  1140 | D:3      | Found Kiyzyar's Distillery.
  1469 | D:3      | Found Uxaj's Jewellery Boutique.
  2141 | D:4      | Noticed a sky beast
  2143 | D:4      | Found Warr's Distillery.
  2151 | D:4      | Killed a sky beast
  2152 | D:4      | Reached skill level 6 in Maces & Flails
  2152 | D:4      | Reached XP level 5. HP: 43/50 MP: 4/4
  2157 | D:4      | Noticed Sigmund
  2168 | D:4      | Killed Sigmund
  2169 | D:4      | Reached XP level 6. HP: 50/58 MP: 5/5
  2177 | D:4      | Bought 2 potions of degeneration for 28 gold pieces
  2494 | D:3      | Reached skill level 7 in Maces & Flails
  2707 | D:4      | Found a white marble altar of Elyvilon.
  2879 | D:4      | Reached XP level 7. HP: 55/66 MP: 6/6
  2937 | D:4      | Found an opulent altar of Gozag.
  3170 | D:5      | Entered Level 5 of the Dungeon
  3204 | D:5      | Reached skill level 8 in Maces & Flails
  3402 | D:5      | Found a sparkling altar of Nemelex Xobeh.
  3469 | D:5      | Reached skill level 9 in Maces & Flails
  3476 | D:5      | Identified the +6 quarterstaff of Kuwn {speed, Str+2}
  3509 | D:5      | Got Tumuafenoe's Tome of Ensnaring Transmutation
  3515 | D:5      | You fall into a shaft and drop 1 floor!
  3532 | D:6      | Reached XP level 8. HP: 55/74 MP: 7/7
  3569 | D:6      | Reached skill level 10 in Maces & Flails
  3686 | D:6      | Found a shimmering altar of Xom.
  3735 | D:6      | Found a sand-covered staircase.
  3749 | Ossuary  | Entered an ossuary
  4058 | Ossuary  | Reached skill level 11 in Maces & Flails
  4140 | D:6      | Found a staircase to the Ecumenical Temple.
  4150 | Temple   | Entered the Ecumenical Temple
  4161 | Temple   | Became a worshipper of Warmaster Okawaru
  4161 | Temple   | Reached * piety under Okawaru
  4161 | Temple   | Reached ** piety under Okawaru
  4242 | D:6      | Slain by a wight

Illustrated notes

Levels and vault maps discovered:
D:1:      roderic_chinese_lattice_arrival, layout_basic, basic_ecumenical_altar
D:2:      layout_rooms, grunt_ministairs_10, kennysheep_potato
D:3:      layout_basic, serial_shops, shop, shop, nicolae_shop_waterfront, shop
D:4:      layout_rooms, mainiacjoe_overflow_surrounded_room,
          lemuel_coloured_pillars_altar, nicolae_stop_n_shop_1, uniq_sigmund
D:5:      kennysheep_slugbush, layout_loops_ring, mainiacjoe_overflow_paths,
          old_standard_altar, kennysheep_orc_sif_temple,
          kennysheep_generic_room_3
D:6:      layout_basic, led_xom_imps, minmay_temple_entry_offerings,
          enter_ossuary_3
Temple:   nicolae_temple_figure_zero

Skill      XL: |  1  2  3  4  5  6  7  8 |
---------------+-------------------------+-----
Fighting       | 4 6 7 8 |  8.0
Maces & Flails | 4 6 7 9 11 | 11.0
Dodging        | |  3.2
Stealth        | |  1.5

Action                   |  1- 3 |  4- 6 |  7- 9 || total
-------------------------+-------+-------+-------++-------
Melee: Mace              |    61 |    45 |       ||   106
       Headbutt          |     9 |    23 |    29 ||    61
       Flail             |       |    71 |   180 ||   251
 Stab: Sleeping          |     5 |       |       ||     5
Armor: Robe              |     1 |       |       ||     1
       Chain mail        |    28 |    77 |   122 ||   227
Dodge: Dodged            |    15 |    51 |    78 ||   144
